 Dungeon Sprint DCSS version 0.22-a0-750-ga7dcef7 (webtiles) character file.

51 collin38 the Skirmisher (level 3, -5/37 HPs)
             Began as a Minotaur Fighter on July 15, 2018.
             Drowned by a water elemental (9 damage)
             ... in the Dungeon (Sprint III: "The Ten Rune Challenge").
             The game lasted 00:00:51 (253 turns).

collin38 the Skirmisher (Minotaur Fighter)           Turns: 253, Time: 00:00:51

Health: -5/37      AC:  8    Str: 25    XL:     3   Next: 57%
Magic:  2/2        EV:  8    Int:  6    God:
Gold:   32         SH: 10    Dex:  9    Spells: 2/2 levels left

rFire    . . .     SeeInvis .   a - +0 war axe
rCold    . . .     Gourm    .   c - +0 shield
rNeg     . . .     Faith    .   b - +0 scale mail
rPois    .         Spirit   .   (helmet restricted)
rElec    .         Reflect  .   m - +0 cloak
rCorr    .         Harm     .   (no gloves)
MR       .....     NoTele   +   (no boots)
Stlth    ..........             (no amulet)
HPRegen  0.12/turn              (no ring)
MPRegen  0.08/turn              (no ring)

@: mighty, engulfed (cannot breathe)
A: retaliatory headbutt, horns 2
a: no special abilities


You were in the Dungeon.
You were not hungry.

You visited 1 branch You collected 32 gold pieces.

Inventory:

Hand Weapons
 a - a +0 war axe (weapon)
Armour
 b - a +0 scale mail (worn)
 c - a +0 shield (worn)
 m - a +0 cloak (worn)
Scrolls
 k - a scroll of blinking
 n - a scroll of immolation {unknown}
 o - 3 scrolls of identify
 p - 3 scrolls of remove curse
 r - a scroll of torment {unknown}
Potions
 e - a potion of curing
 g - 2 potions of heal wounds
 h - a potion of haste
 i - 2 potions of magic
 j - a potion of berserk rage
 q - 4 potions of flight
 s - a potion of invisibility {unknown}
 t - 4 potions of mutation
Comestibles
 f - 3 rations
 l - 4 chunks of flesh


   Skills:
 * Level 6.1 Fighting
 * Level 5.4 Axes
 + Level 5.0 Armour
 + Level 5.0 Shields


You had 2 spell levels left.
You didn't know any spells.
Your spell library was empty.

Dungeon Overview and Level Annotations

Branches:
Dungeon (1/1)

Altars:


Innate Abilities, Weirdness & Mutations

You reflexively headbutt those who attack you in melee.
You have a pair of horns on your head.


Message History

There is an open door to the Ecumenical Temple here.
Sorry, you're not good enough to have a special ability.
Unknown command.
Okay, then.
You feel very mighty all of a sudden.
Your lungs strain for air!
The water elemental completely misses you.
You hit the water elemental.
The water elemental is lightly damaged.
Your lungs strain for air!
The water elemental barely misses you.
Your shield and scale mail prevent you from hitting the water elemental.
The water elemental is lightly damaged.
Your lungs strain for air!
The water elemental hits you!
* * * LOW HITPOINT WARNING * * *
You block the water elemental's attack.
You hit the water elemental. You headbutt the water elemental!
The water elemental is severely damaged.
You die...

▓▓▓▓▓▓▓▓▓▓ ▓▓▓
.#..'....♣♣♣ ♣.#
.#..#......♣ ♣♣.#
'####......♣ ♣..#
....#....≈.♣♣♣♣.###+#+##
....#)..≈≈♣..♣♣.#.......
...(#..≈≈≈≈♣.♣..@.⌠.....
###'#..≈≈≈≈≈≈...#E..####
....#.≈≈≈≈≈≈....#.⌠.#
....#.≈≈≈≈≈.....#...#
....#.≈≈≈.......#+###
#####...........#
................#
▓▓▓▓▓▓▓▓▓▓▓▓▓▓▓▓▓


You could see a water elemental.

Vanquished Creatures
  Crazy Yiuf (D)
  A human (D)
  An ooze (D)
  3 rats (D)
6 creatures vanquished.

Vanquished Creatures (others)
  2 draconian scorchers (D)
  Nessos (D)
  6 hellions (D)
  A yaktaur (D)
10 creatures vanquished.

Grand Total: 16 creatures vanquished

Notes
Turn   | Place    | Note
-------+----------+-------------------------------------------
     0 | D        | collin38 the Minotaur Fighter began the quest for the Orb.
     0 | D        | Reached XP level 1. HP: 19/19 MP: 0/0
     6 | D        | Reached skill level 4 in Fighting
    51 | D        | Killed a yaktaur
    72 | D        | Reached skill level 5 in Fighting
    72 | D        | Reached XP level 2. HP: 18/29 MP: 1/1
    93 | D        | Killed a hellion
   116 | D        | Killed a hellion
   118 | D        | Killed a hellion
   126 | D        | Killed a hellion
   127 | D        | Killed a hellion
   128 | D        | Killed a hellion
   143 | D        | Killed Nessos
   177 | D        | Noticed Crazy Yiuf
   188 | D        | Killed Crazy Yiuf
   188 | D        | Reached skill level 6 in Fighting
   188 | D        | Reached skill level 5 in Axes
   188 | D        | Reached skill level 5 in Armour
   188 | D        | Reached skill level 5 in Shields
   188 | D        | Reached XP level 3. HP: 34/37 MP: 2/2
   193 | D        | Killed a white draconian scorcher
   233 | D        | Killed a white draconian scorcher
   248 | D        | Noticed a water elemental
   253 | D        | Drowned by a water elemental

Vault maps used:
D:        dungeon_sprint_mu

Skill      XL: |  1  2 |
---------------+-------+-----
Fighting       | 5 6 |  6.1
Axes           | 4 5 |  5.4
Armour         | 4 5 |  5.0
Shields        | 4 5 |  5.0

Action                   || total
-------------------------++-------
Melee: War axe           ||    25
       Headbutt          ||     3
  Use: Potion            ||     1
Armor: Scale mail        ||     9
Dodge: Dodged            ||     7
Block: Shield            ||    11

Table legend:
 A = Spawn XP
 B = Non-spawn XP
 C = Spawn XP percentage of total XP
 D = Spawn monster count
 E = Non-spawn monster count
 F = Spawn count percentage of total count
 G = Total turns spent on level
                    A         B        C        D         E        F      G
               +---------+---------+-------+---------+---------+-------+---------
         Total |       0 |      73 |   0.0 |       0 |       6 |   0.0 |   253
               +---------+---------+-------+---------+---------+-------+---------
             D |       0 |      73 |   0.0 |       0 |       6 |   0.0 |   253
               +---------+---------+-------+---------+---------+-------+---------
